 Dungeon Crawl Stone Soup version 0.30-a0-808-g6e0788376e (webtiles) character file.

Game seed: 13865571384532842172

1255 Sabo the Slasher (level 8, 0/61 HPs)
             Began as a Gnoll Wanderer on Feb 25, 2023.
             Was a Believer of Nemelex Xobeh.
             Killed by divine providence
             ... invoked by an orc priest
              (13 damage)
             ... on level 5 of the Dungeon.
             The game lasted 00:27:36 (6233 turns).

Sabo the Slasher (Gnoll Wanderer)                   Turns: 6233, Time: 00:27:36

Health: 0/61       AC:  7    Str: 10    XL:     8   Next: 51%
Magic:  17/17      EV: 11    Int: 14    God:    Nemelex Xobeh [**....]
Gold:   174        SH:  0    Dex: 13    Spells: 17/19 levels left

rFire   . . .      SeeInvis .    a - +3 falchion
rCold   . . .      Faith    .    (no shield)
rNeg    . . .      Spirit   .    f - +1 ring mail {Will+}
rPois   .          Reflect  .    h - +0 helmet
rElec   .          Harm     .    (no cloak)
rCorr   .          Rampage  .    (no gloves)
Will    ++...                    (no boots)
Stlth   ++                       (no amulet)
HPRegen 0.30/turn                c - ring of willpower
MPRegen 0.15/turn                (no ring)

@: no status effects
A: fangs 1, strong nose, distributed training
a: Renounce Religion, Draw Escape, Draw Destruction, Draw Summoning


You were on level 5 of the Dungeon.
You worshipped Nemelex Xobeh.
Nemelex Xobeh was pleased with you.
You visited 1 branch of the dungeon, and saw 5 of its levels.

You collected 174 gold pieces.

Inventory:

Hand Weapons
 a - a +3 falchion (weapon)
 d - a +1 short sword of venom
 l - a +2 whip of freezing
 o - a +4 dagger of draining
 w - a +0 shortbow
Missiles
 t - 6 poisoned darts (quivered)
Armour
 f - a +1 ring mail of willpower (worn)
 h - a +0 helmet (worn)
Jewellery
 c - a ring of willpower (left hand)
Wands
 i - a wand of paralysis (3)
 x - a wand of digging (4)
Scrolls
 e - 2 scrolls of magic mapping
 j - a scroll of amnesia
 r - a scroll of poison
 s - a scroll of fear
Potions
 b - a potion of lignification
 g - a potion of mutation {unknown}
 k - 2 potions of cancellation
 m - a potion of haste {unknown}
 n - 2 potions of resistance {unknown}
 p - a potion of curing
 q - a potion of brilliance {unknown}
 u - 2 potions of attraction {unknown}
 v - 2 potions of degeneration {unknown}
 z - a potion of ambrosia {unknown}


   Skills:
 + Level 4.4 Fighting
 + Level 3.4 Short Blades
 + Level 7.5 Long Blades
 + Level 3.4 Axes
 + Level 3.4 Maces & Flails
 + Level 3.4 Polearms
 + Level 3.4 Staves
 + Level 3.4 Ranged Weapons
 + Level 3.4 Throwing
 + Level 3.4 Armour
 + Level 3.4 Dodging
 + Level 3.4 Stealth
 + Level 3.4 Shields
 + Level 3.4 Unarmed Combat
 + Level 6.1 Spellcasting
 + Level 6.2 Conjurations
 + Level 2.8 Hexes
 + Level 2.8 Summonings
 + Level 2.8 Necromancy
 + Level 2.8 Translocations
 + Level 2.8 Transmutations
 + Level 2.8 Fire Magic
 + Level 2.8 Ice Magic
 + Level 2.8 Air Magic
 + Level 2.8 Earth Magic
 + Level 2.8 Poison Magic
 + Level 3.8 Invocations
 + Level 4.4 Evocations


You had 17 spell levels left.
You knew the following spells:

 Your Spells              Type           Power      Damage    Failure   Level
a - Magic Dart            Conj           84%        1d7       3%          1
b - Foxfire               Conj/Fire      68%        2x1d7     6%          1

Your spell library contained the following spells:

 Spells                   Type           Power      Damage    Failure   Level
 Hailstorm                Conj/Ice       17%        3d6       17%         3
 Fireball                 Conj/Fire      8%         3d6       85%         5
 Starburst                Conj/Fire      8%         6d4       100%        6


Dungeon Overview and Level Annotations

Branches:
Dungeon (5/15)
 Temple: D:4-7

Altars:
Hepliaklqana
Nemelex Xobeh
Sif Muna
Xom

Shops:
D:3 (


Innate Abilities, Weirdness & Mutations

You have very sharp teeth.
Your uncanny sense of smell can sniff out nearby items.
Your experience applies equally to all skills.


Message History

The phantom hits you.
You hit the phantom.
The phantom is heavily damaged.
The phantom barely misses you.
You barely miss the phantom.
The phantom is heavily damaged.
The phantom barely misses you.
You barely miss the phantom.
The phantom is heavily damaged.
You barely miss the phantom.
The phantom is heavily damaged.
The phantom hits you.
The phantom blinks!
You blink.
Found a scroll labelled KYVVUG WUDOCU and 5 stones.
The orc priest attacks as you move away!
The orc priest hits you with a +0 hand axe.
The phantom hits you.
The phantom blinks!
You blink.
You see here a scroll labelled KYVVUG WUDOCU.
You closely miss the phantom.
The phantom is heavily damaged.
The phantom hits you.
The phantom blinks!
You blink.
Found a stone staircase leading down.
Found a lead wand.
The orc priest looks satisfied for a moment.
You hit the phantom.
The phantom is severely damaged.
The phantom hits you.
You hit the phantom.
The phantom is almost destroyed.
The phantom hits you.
The phantom blinks!
You blink. 2 orcs come into view.
The orc priest calls down the wrath of Beogh upon you.
Beogh smites you!
* * * LOW HITPOINT WARNING * * *
The phantom barely misses you.
You closely miss the phantom. Your bite misses the phantom.
The phantom is almost destroyed.
The orc priest calls down the wrath of Beogh upon you.
Beogh smites you!
You die...
Your body disappears without a glow.

##.##...#
#......?#
#.......#
#.o.....#
##......##
#...o..######
#..ยง........#
#...........#
#(.....@....#
##
####...W#####
) ##..... ###
......... #<#
###.....>oo.
#.# ./......##
#.# .........#
#.#
#...#######
#.# #..


You could see a phantom, an orc priest and an orc.

Vanquished Creatures
  Pikel (D:5)
  Grinder (D:3)
  An ogre (D:4)
  A black bear (D:5)
  2 scorpions
  A hound (D:5)
  An iguana (D:4)
  3 orc wizards
  6 adders
  A shadow imp (D:5)
  4 worms
  2 dart slugs
  11 orcs
  2 ball pythons
  5 bats
  5 endoplasms
  3 giant cockroaches
  11 hobgoblins
  4 jackals (D:3)
  14 kobolds
  5 quokkas
  5 frilled lizards
  5 goblins
  6 rats
100 creatures vanquished.

Vanquished Creatures (others)
  2 plants (D:1)
2 creatures vanquished.

Grand Total: 102 creatures vanquished

Notes
Turn   | Place    | Note
-------+----------+-------------------------------------------
     0 | D:1      | Sabo the Gnoll Wanderer began the quest for the Orb.
     0 | D:1      | Sabo set off with the following items: a +3 falchion, a
                  | potion of lignification, a +0 robe; and the following spell
                  | memorised: Magic Dart; and the following spells available
                  | to memorise: Hailstorm.
     0 | D:1      | Reached XP level 1. HP: 17/17 MP: 6/6
   116 | D:1      | Reached XP level 2. HP: 23/23 MP: 4/7
  1112 | D:1      | Reached skill level 5 in Spellcasting
  1112 | D:1      | Reached XP level 3. HP: 22/28 MP: 7/9
  1577 | D:2      | Reached skill level 1 in Invocations
  1669 | D:2      | Reached skill level 1 in Short Blades
  1669 | D:2      | Reached skill level 1 in Axes
  1669 | D:2      | Reached skill level 1 in Maces & Flails
  1669 | D:2      | Reached skill level 1 in Polearms
  1669 | D:2      | Reached skill level 1 in Staves
  1669 | D:2      | Reached skill level 1 in Ranged Weapons
  1669 | D:2      | Reached skill level 1 in Throwing
  1669 | D:2      | Reached skill level 1 in Armour
  1669 | D:2      | Reached skill level 1 in Dodging
  1669 | D:2      | Reached skill level 1 in Stealth
  1669 | D:2      | Reached skill level 1 in Shields
  1669 | D:2      | Reached skill level 1 in Unarmed Combat
  1741 | D:2      | Reached XP level 4. HP: 28/34 MP: 7/11
  1939 | D:2      | Found a sparkling altar of Nemelex Xobeh.
  2016 | D:2      | Became a worshipper of Nemelex Xobeh the Trickster
  2093 | D:2      | Reached skill level 1 in Hexes
  2093 | D:2      | Reached skill level 1 in Summonings
  2093 | D:2      | Reached skill level 1 in Necromancy
  2093 | D:2      | Reached skill level 1 in Translocations
  2093 | D:2      | Reached skill level 1 in Transmutations
  2093 | D:2      | Reached skill level 1 in Fire Magic
  2093 | D:2      | Reached skill level 1 in Ice Magic
  2093 | D:2      | Reached skill level 1 in Air Magic
  2093 | D:2      | Reached skill level 1 in Earth Magic
  2093 | D:2      | Reached skill level 1 in Poison Magic
  2411 | D:2      | You fall into a shaft and drop 1 floor!
  2560 | D:3      | Found a hazy altar of Hepliaklqana.
  2562 | D:3      | Found a shimmering altar of Xom.
  2563 | D:3      | Noticed a spectral ugly thing
  2591 | D:3      | Found Zucen's Antique Weapon Shop.
  2689 | D:3      | Reached * piety under Nemelex Xobeh
  3022 | D:3      | Reached XP level 5. HP: 40/40 MP: 9/12
  3222 | D:3      | Received a gift from Nemelex Xobeh
  3810 | D:3      | Noticed Grinder
  3822 | D:3      | Killed Grinder
  3823 | D:3      | Reached XP level 6. HP: 17/47 MP: 14/14
  4219 | D:4      | Reached skill level 7 in Long Blades
  4219 | D:4      | Reached XP level 7. HP: 52/52 MP: 11/15
  4399 | D:4      | Reached ** piety under Nemelex Xobeh
  4461 | D:4      | Found a shimmering blue altar of Sif Muna.
  4550 | D:4      | Learned a level 1 spell: Foxfire
  4768 | D:4      | HP: 2/52 [poisoned by an orc]
  5738 | D:5      | Entered Level 5 of the Dungeon
  5967 | D:5      | Received a gift from Nemelex Xobeh
  5976 | D:5      | Noticed Pikel
  5998 | D:5      | Killed Pikel
  5999 | D:5      | Reached XP level 8. HP: 19/61 MP: 11/17
  6233 | D:5      | Killed from afar by an orc priest

Illustrated notes

Levels and vault maps discovered:
D:1:      minmay_arrival_radiant_lines, layout_basic, serial_bayou_lagoon_b
D:2:      layout_loops_corners, basic_altar, kennysheep_generic_room_15
D:3:      layout_basic, regret_index_temple_of_mockery, serial_shops, shop,
          uniq_grinder
D:4:      layout_cave_pods, nicolae_sif_muna_condensation
D:5:      layout_basic, gammafunk_ghost_abyssal_escape, uniq_pikel,
          uniq_sigmund, uniq_ijyb

Skill      XL: |  1  2  3  4  5  6  7 |
---------------+----------------------+-----
Spellcasting   | 5 6 |  6.1
Invocations    | 1 2 3 |  3.8
Short Blades   | 1 2 3 |  3.4
Axes           | 1 2 3 |  3.4
Maces & Flails | 1 2 3 |  3.4
Polearms       | 1 2 3 |  3.4
Staves         | 1 2 3 |  3.4
Ranged Weapons | 1 2 3 |  3.4
Throwing       | 1 2 3 |  3.4
Armour         | 1 2 3 |  3.4
Dodging        | 1 2 3 |  3.4
Stealth        | 1 2 3 |  3.4
Shields        | 1 2 3 |  3.4
Unarmed Combat | 1 2 3 |  3.4
Hexes          | 1 2 |  2.8
Summonings     | 1 2 |  2.8
Necromancy     | 1 2 |  2.8
Translocations | 1 2 |  2.8
Transmutations | 1 2 |  2.8
Fire Magic     | 1 2 |  2.8
Ice Magic      | 1 2 |  2.8
Air Magic      | 1 2 |  2.8
Earth Magic    | 1 2 |  2.8
Poison Magic   | 1 2 |  2.8
Fighting       | 3 4 |  4.4
Evocations     | 3 4 |  4.4
Long Blades    | 7 |  7.5
Conjurations   | 6 |  6.2

Action                     |  1- 3 |  4- 6 |  7- 9 || total
---------------------------+-------+-------+-------++-------
  Melee: Falchion          |    88 |   101 |    88 ||   277
         Bite              |     5 |    14 |     5 ||    24
         Punch             |     1 |     1 |       ||     2
  Throw: Dart              |       |     1 |       ||     1
   Cast: Magic Dart        |    30 |    50 |    47 ||   127
 Invoke: Draw Destruction  |       |     1 |       ||     1
    Use: Scroll            |       |     1 |     6 ||     7
         Potion            |       |       |     2 ||     2
 Armour: Robe              |     3 |       |       ||     3
         Ring mail         |    21 |    34 |    10 ||    65
         Leather armour    |     4 |       |       ||     4
  Dodge: Dodged            |    46 |    45 |    28 ||   119

Table legend: (Time is in decaauts)
 A = Elapsed time spent in this place.
 B = Non-inter-level travel time spent in this place.
 C = Inter-level travel time spent in this place.
 D = Time resting spent in this place.
 E = Time spent auto-exploring this place.
 F = Levels seen in this place.
 G = Mean time per level.
                   A        B        C        D        E       F      G
               +--------+--------+--------+--------+--------+-----+--------+
         Total |   6243 |   6243 |      0 |   1803 |      0 |   5 | 1248.6 |
       Dungeon |   6243 |   6243 |      0 |   1803 |      0 |   5 | 1248.6 |
               +--------+--------+--------+--------+--------+-----+--------+

Top non-repeatable levels by time:
     D:4: 1569 daAuts
     D:3: 1443 daAuts
     D:1: 1371 daAuts
     D:2: 1368 daAuts
     D:5: 491 daAuts
